Unix NetHack Version 5.0.0-0 post-release - last build May 10 2026 23:12:36 (d1fa5d53e341ca933230fdaa984d921c805b60aa,branch:main).

Game began 2026-05-13 18:07:01, ended 2026-05-14 07:58:17.

ArrBianca, lawful female human Archeologist

                                                   ---
                                            ...    -.|
                                          .......  ..|
                                          .....<^. ..|
                                          ....[......| ------.
                                             ......).| |......
                   fG..                     .....-------.---..
                    e@---                   -....---|.)..| -..
                    -...--    ---           |.--.)..|.---
                    ---..---  |.0|       ----.|----.|.|
                      --...-- |..----    |....|   |...|
                       ---..----....|    |.----   |...|
                         --....|-...|    |.|      -----
                          ----.|..---  ---.|
                             |....|----....|
                             |..)---..)...--
                             |..)).[......
                             --^.......
                              |..|.----

ArrBianca the Investigator  St:13 Dx:7 Co:14 In:16 Wi:18 Ch:9  Lawful
Dlvl:8  $:0  HP:0(52) Pw:41(41) AC:8  Xp:7 T:3834 

Latest messages:
 What do you want to eat? [diBVWY or ?*] <space>
 Never mind.
 Click!  You trigger a rolling boulder trap!
 Fortunately for you, no boulder was released.
 With great effort you move the boulder.
 L - a swirly potion.
 What do you want to ready? [pqs or ?*] q
 q - a boomerang (at the ready).
 In what direction? h
 The boomerang misses.
 What do you want to throw? [psI or ?*] ?
 What do you want to throw? [psI or ?*] <space>
 Never mind.
 What do you want to ready? [ps or ?*] s
 s - 10 uncursed darts (at the ready).
 In what direction? h
 The dart misses.
 In what direction? h
 The dart misses.
 In what direction? h
 The dart misses.
 In what direction? h
 The dart hits the floating eye.
 You hear some noises.
 In what direction? h
 The dart hits the floating eye.
 In what direction? h
 The dart hits the floating eye.
 In what direction? h
 The dart hits the floating eye.
 In what direction? h
 The dart misses the floating eye.
 In what direction? h
 The dart misses the floating eye.
 In what direction? h
 The dart misses the floating eye.
 You lash the floating eye!
 You are frozen by the floating eye's gaze!
 The gnome hits!
 The gnome hits!
 The gnome hits!
 The gnome hits!
 The gnome hits!
 The gnome hits!
 The gnome hits!
 The gnome hits!
 The gnome hits!
 The gnome hits!
 You die...
 Do you want an account of creatures vanquished? [ynaq] (y) q

Inventory:
 Amulets  ('"')
  u - an uncursed amulet of ESP (being worn)
 Weapons  (')')
  I - a +0 arrow
  p - a +0 knife named Bobby
  a - a +2 bullwhip (weapon in right hand)
 Armor    ('[')
  c - an uncursed +0 fedora (being worn)
  n - a cursed -1 elven shield (being worn)
  H - an uncursed +0 dwarvish cloak (being worn)
  b - an uncursed +0 leather jacket (being worn)
 Comestibles  ('%')
  d - an uncursed food ration
  B - an uncursed lembas wafer
  Y - an uncursed homemade tin of acid blob
  W - an uncursed homemade tin of coyote meat
  i - 3 uncursed homemade tins of jackal meat
  V - an uncursed homemade tin of lizard meat
 Scrolls  ('?')
  E - an uncursed scroll of blank paper
  j - a blessed scroll of create monster
  F - a cursed scroll of punishment
 Spellbooks  ('+')
  v - an uncursed spellbook of healing
  z - an uncursed spellbook of teleport away
 Potions  ('!')
  J - a blessed potion of see invisible
  L - an uncursed potion of see invisible
  m - an uncursed potion of speed
  w - 3 uncursed potions of water
 Rings    ('=')
  A - a cursed ring of aggravate monster
  S - an uncursed +1 ring of gain constitution
  y - an uncursed ring of warning
 Tools    ('(')
  h - an empty uncursed sack
  l - an uncursed leash
  k - an uncursed lock pick
  K - an uncursed tin opener
  e - an uncursed tin whistle
  f - a tinning kit (0:72)
  o - a +0 unicorn horn
 Gems/Stones  ('*')
  G - an uncursed chrysoberyl stone
  g - an uncursed touchstone

ArrBianca the Archeologist's attributes:

Background:
 You were an Investigator, a level 7 female human Archeologist.
 You were lawful, on a mission for Quetzalcoatl
 who was opposed by Camaxtli (neutral) and Huhetotl (chaotic).
 You were right-handed.
 You were in the Gnomish Mines, on level 8.
 You entered the dungeon 3834 turns ago.
 You had 769 experience points, 511 more were needed to attain level 8.

Basics:
 You had 0 out of 52 hit points.
 You had all 41 energy points (spell power).
 Your armor class was 8.
 Your wallet was empty.
 Autopickup was on for '$?!/="+%' plus thrown, with exceptions.

Final Characteristics:
 Your strength was 13 (limit:18/100).
 Your dexterity was 7 (limit:18).
 Your constitution was 14 (peak:15, limit:18).
 Your intelligence was 16 (limit:18).
 Your wisdom was 18 (limit:18).
 Your charisma was 9 (limit:18).

Final Status:
 You weren't hungry.
 You were unencumbered.
 You were wielding a whip.
 You were skilled in whip.

Final Attributes:
 You were piously aligned.
 Your items were somewhat protected from fire.
 Your items were somewhat protected from cold.
 You were telepathic.
 You had automatic searching.
 You were warded.
 You were unlucky.
 Quetzalcoatl was angry with you.
 You are dead (2nd time!).

Miscellaneous:
 You encountered 1 bones level.
 Total elapsed playing time was 1 hour, 12 minutes and 41 seconds.

Major events:
 Turn
    1: ArrBianca the lawful female human Archeologist entered the dungeon
 1112: attained the rank of Field Worker (level 3)
 1306: entered the Gnomish Mines
 2066: attained the rank of Investigator (level 6)
 2665: averted death (killed by a gray unicorn)
 2690: reached Mine Town
 3834: killed by a gnome, while frozen by a floating eye's gaze

Spells:
 Name                 Level Category     Fail Retention
 healing                1   healing       84%   81%-90%
 teleport away          6   escape       100%  76%-100%

Skills:
 Fighting Skills
   bare handed combat [Unskilled]
   two weapon combat  [Unskilled]
   riding             [Unskilled]
 Weapon Skills
   dagger             [Unskilled]
   knife              [Unskilled]
   pick-axe           [Basic]
   short sword        [Unskilled]
   saber              [Unskilled]
   club               [Unskilled]
   quarterstaff       [Unskilled]
   sling              [Unskilled]
   dart               [Unskilled]
   boomerang          [Unskilled]
   whip               [Skilled]
   unicorn horn       [Unskilled]
 Spellcasting Skills
   attack spells      [Unskilled]
   healing spells     [Basic]
   divination spells  [Unskilled]
   matter spells      [Unskilled]

Voluntary challenges:
 Character rerolling was not enabled.
 You never genocided any monsters.
 You never polymorphed an object.
 You never changed form.
 You used no wishes.
Achievements:
 You entered a shop.
 You attained the rank of Field Worker.
 You entered the Gnomish Mines.
 You attained the rank of Investigator.
 You entered Minetown.
 You entered a temple.

 The Dungeons of Doom: levels 1 to 3
    Level 1:
       A fountain, a sink.
    Level 2:
       A general store.
    Level 3:
       A potion shop.
       Stairs down to The Gnomish Mines.
 The Gnomish Mines: levels 4 to 8
    Level 4:
    Level 5:
    Level 6:
    Level 7:
       Many shops, a temple and an altar to Quetzalcoatl, some fountains, a grave, some trees.
       Final resting place for
          Madleen-Wiz-Elf-Mal-Cha, killed by a wand.
    Level 8: <- You were here.
       Final resting place for
          you, killed by a gnome, while frozen by a floating eye's gaze.


Vanquished creatures:
  a ghost
  a giant beetle
  a quivering blob
  a leprechaun
  a lizard
  a rope golem
  a Woodland-elf
  a rock mole
  6 gnome leaders
  a gnomish wizard
  a kobold mummy
  a gray ooze
  a floating eye
  2 dwarves
  a centipede
  a dwarf zombie
 an acid blob
  2 coyotes
  2 giant rats
 37 gnomes
  2 garter snakes
  7 gnome zombies
  a gecko
  5 jackals
  3 kobolds
  3 goblins
  8 grid bugs
  2 bats
  6 kobold zombies
  4 newts
105 creatures vanquished.

No species were genocided or became extinct.

Game over:
                       ----------
                      /          \
                     /    REST    \
                    /      IN      \
                   /     PEACE      \
                  /                  \
                  |    ArrBianca     |
                  |       0 Au       |
                  |   killed by a    |
                  |      gnome       |
                  |                  |
                  |                  |
                  |       2026       |
                 *|     *  *  *      | *
        _________)/\\_//(\/(/\)/\//\/|_)_______

Goodbye ArrBianca the Archeologist...

You died in The Gnomish Mines on dungeon level 8 with 3426 points,
and 0 pieces of gold, after 3834 moves.
You were level 7 with a maximum of 52 hit points when you died.

